AoeStats
← kimbo

Arabia

510664394Analyzed
2v2 RM · 22h ago on Oct 2, 2026· 25m 49s· 4 players
Game mode
Random Map
Map size
Medium (4 player)
Population
200
Speed
Normal
Resources
Standard
Victory
Conquest
Starting age
Dark Age
Ending age
Imperial Age
RankedLock teamsTeams togetherTeam positionsShared explorationLock speedFull tech treeHidden civsTurbo modeCheats
Victory
Defeat
🇦🇷 Persians · Argentina
1362
+13
🇦🇷 Maya · Argentina
1342
+13
🇺🇸 Ethiopians · United States
1296
-13
🇺🇸 Lithuanians · United States
1296
-13
Ejung15
6:39 Loom
9:04 Feudal Age
10:13 Double-Bit Axe
16:30 Fletching
17:42 Padded Archer Armor
17:48 Scale Barding Armor
24:49 Castle Age
PaschalStorm725
7:48 Loom
10:18 Feudal Age
10:24 Man-at-Arms
10:51 Double-Bit Axe
16:03 Fletching
18:20 Padded Archer Armor
23:40 Castle Age
21:35 Horse Collar
23:11 Gold Mining
23:45 Crossbowman
24:21 Bodkin Arrow
Pingocho
8:42 Feudal Age
8:04 Loom
9:24 Double-Bit Axe
20:31 Castle Age
19:40 Scale Barding Armor
20:12 Bloodlines
20:02 Gold Mining
19:56 Horse Collar
21:18 Chain Barding Armor
22:53 Forging
22:57 Husbandry
25:06 Iron Casting
kimbo
0:25 Loom
8:56 Feudal Age
15:37 Fletching
17:46 Double-Bit Axe
24:25 Castle Age
22:38 Horse Collar
23:08 Gold Mining
24:46 Padded Archer Armor
24:32 Crossbowman
25:48 Bodkin Arrow
Connection lost

Rejoining the realm…

Still unreachable

The connection could not be restored.

Session expired

The server has moved on; the page needs a fresh start.